[Event "44th Chess Olympiad Open 2022"]
[Site "Chennai"]
[Date "2022.08.07"]
[Round "9.15"]
[White "Macovei, Andrei"]
[Black "Parligras, Mircea-Emilian"]
[Result "1/2-1/2"]
[WhiteElo "2478"]
[BlackElo "2576"]
[Annotator "TA"]
[PlyCount "79"]
[EventDate "2022.??.??"]
[TimeControl "60"]

1. e4 e5 2. Nf3 Nc6 3. Bc4 Bc5 4. c3 Nf6 5. d3 O-O 6. O-O d5 7. exd5 Nxd5 8. Re1 Bg4 9. Nbd2 {[%emt 0:00:06] C54: Giuoco Piano: 4 c3
Nf6, main lines with 5 d4 and 5 d3.} Nb6 10. h3 Bh5 ({Resist} 10... Nxc4 11. Nxc4 Bxf3 12. Qxf3 $14) 11.
Bb3 {[%emt 0:00:04] Nowadays more popular than 11.Bb5.} Qxd3 12. Nxe5 Qf5 13. Nef3 $1 ({
Not} 13. Ndf3 $2 Nxe5 14. Rxe5 Qxe5 15. Nxe5 Bxd1 16. Bxd1 Rfe8 $19) 13... Rad8 14. Qe2 Nd5 15. Ne4 Bxf3 16. Qxf3 Qxf3 17. gxf3 Bb6 18. Kf1 {[%emt 0:30:27]
[#]} Ne5 $146 {[%emt 0:13:35] [#]} ({Predecessor:} 18... Nde7 19. Bg5 h6 20.
Bxe7 Nxe7 21. Nf6+ gxf6 22. Rxe7 Rd2 23. Re2 Rfd8 24. Rae1 Kf8 25. Rxd2 Rxd2 {
½-½ (31) Vachier Lagrave,M (2774)-Aronian,L (2758) Khanty-Mansiysk 2019}) 19.
Nc5 $1 Bxc5 (19... Nxf3 20. Nxb7) 20. Rxe5 c6 21. Bd2 Bd6 22. Re4 Nf6 23. Rd4 Be5 24. Rxd8 Rxd8 25. Bg5 h6 26. Bxf6 Bxf6 27. Rd1 Rxd1+ 28. Bxd1 $15 {[%emt 0:00:
00] Endgame KB-KB} Kf8 29. Ke2 Ke7 30. Bb3 Bg5 31. Kd3 Bc1 32. Kc2 Bf4 33. a4 a5 34. Bc4 Bc7 35. Kd3 Bb6 36. Ke2 Bc5 37. Kf1 g5 38. Ke2 f6 39. f4 gxf4 40.
f3 {[%emt 0:00:03] Weighted Error Value: White=0.09 (flawless) / Black=0.06 
(flawless)} 1/2-1/2

[Event "44th Chess Olympiad Open 2022"]
[Site "Chennai"]
[Date "2022.08.07"]
[Round "9.15"]
[White "Ceres, Dragos"]
[Black "Jianu, Vlad-Cristian"]
[Result "1/2-1/2"]
[WhiteElo "2378"]
[BlackElo "2511"]
[Annotator "TA"]
[PlyCount "75"]
[EventDate "2022.??.??"]
[TimeControl "60"]

1. e4 c6 2. Nc3 d5 3. Nf3 Bg4 4. h3 Bxf3 5. Qxf3 e6 6. Be2 Bc5 {[%emt 0:01:45][%cal Yf8c5,Yc5d4,
Yd4e5] B11: Caro-Kann: Two Knights Variation.} 7. O-O Nd7 8. Qg3 Bd4 {[%emt 0:06:45] The position is
equal.} 9. exd5 exd5 10. Bd1 Ne7 11. Ne2 Be5 12. Qf3 d4 13. c3 Nc5 {[%emt 0:00:00]
[#]} 14. cxd4 $146 ({Predecessor:} 14. b4 Ne6 15. Bb3 O-O {
½-½ (15) Morgunov,M (2376)-Kraus,T (2488) Ceske Budejovice 2022}) 14... Bxd4 15. Nxd4 Qxd4 16. Qe3 Rd8 17. Re1 {[%emt 0:07:29][%csl Ge1][%cal
Re3e7] [#]} Qxe3 18. dxe3 Ng6 19. Bc2 Nd3 20. Rd1 Nxc1 21. Raxc1 Ke7 22. Kf1 Ne5 23. Ke2 g6 24. Bb3 f6 25. h4 h6 26. Rd4 Rxd4 27.
exd4 $14 {[%emt 0:00:09] Endgame KRB-KRN} Nd7 28. Kd2 Re8 {[%emt 0:01:45] [#]} (28... Nb6 $11 {remains equal.}) 29.
Rc3 (29. h5 $1 $16) 29... Kd6 $11 30. Bc2 {
[%emt 0:07:54] Against Re4} g5 31. Rf3 Rg8 32. h5 Re8 33. Rf5 b6 (33... Rf8 $11) 34. b4 $14 Re6 35. Rf3 {[%emt 0:01:20] Strongly threatening Bf5.} Re7 36. Ra3 (36. Bf5 $16) 36... Nf8 $11 37. Rf3 (37. Bf5 $11) 37... Nd7 $16 38. Ra3 {[%emt 0:00:16] Weighted Error Value: White=0.14 (very precise) /
Black=0.12 (very precise)} (38. Bf5 $16) 1/2-1/2

[Event "44th Chess Olympiad Open 2022"]
[Site "Chennai"]
[Date "2022.08.07"]
[Round "9.16"]
[White "Nabaty, Tamir"]
[Black "Henderson de La Fuente, Lance"]
[Result "1/2-1/2"]
[WhiteElo "2631"]
[BlackElo "2490"]
[Annotator "TA"]
[PlyCount "188"]
[EventDate "2022.??.??"]
[TimeControl "60"]

1. d4 Nf6 2. Nf3 b6 3. Bg5 Bb7 4. Nbd2 g6 5. Bxf6 exf6 6.
e4 Bg7 7. Bd3 O-O 8. O-O d5 9. c3 Nd7 10. Qa4 c5 11. exd5 cxd4 ({Don't do} 11... Bxd5 12. Bb5 Nb8 13.
dxc5 $14) 12. cxd4 a6 13. d6 b5 14. Qa3 Nb6 15. Rfe1 Nc8 16. Be4 Nxd6 17. Bxb7 Nxb7 18. Rac1 Re8 19. Rxe8+ Qxe8 20. Rc7 Bf8 21. Qc3 Nd6 22. Qc6 Qxc6 23. Rxc6 Rc8 24. Rxc8 Nxc8 25. Ne4 Be7 26. Kf1 Kf8 27. Ke2 Ke8 28. Nc5 a5
$1 29. Kd3 Nb6 30. Nd2 Nd5 31. Ke4 Nc7 32. g4 Bxc5 33. dxc5 Kd7 34. Nb3 Ne6 35. c6+ Kxc6 36. Nxa5+ Kd6 37. Nb3 Ng5+ 38. Ke3 Ne6 39. Nd4 Nc7 40. Ke4 Kc5 41. Nb3+ Kd6 42. Nc1 Kc5 43. Nd3+ Kc4 44. Nf4 Kc5 45. b3 Kd6 (45... h6 $14) 46. Kd4 $1 $16 Kc6 47. a4 bxa4 48.
bxa4 Kd6 49. h3 ({Better is
} 49. f3) 49... Kc6 50. h4 g5 (50... Kd6 $16) 51. hxg5 $18 fxg5 52. Nh5 (52. Nd3 $16 {Strongly threatening Ne5+.} Kd6 53. a5) 52...
Ne6+ $11 53. Ke3 Nc5 54. a5 Nd7 55. Ke4 Kb5 56. Kf5 Kxa5 (56... h6 $11) 57. Nf6 $16 Nf8 (57... Nxf6 $2 58. Kxf6 h6 59. Kxf7 $18)
58. Kxg5 Kb5 {[%emt 0:00:00] [#]} 59. Kh6 (
59. f4 $1 $16 {[%cal Rf4f5] aiming for f5.} Ng6 60. f5 (60. Nxh7 Kc6 $18))
59... Kc4 $11 60. Kg7 ({Much less strong is} 
60. Nxh7 Ng6 $14) 60... Ng6 61. Kxf7 Kd3 $1 62. g5 Ke2 $1 63. Nxh7 Nf4 (63... Nh4 $1 $11 {keeps the balance.})
64. Nf8 $16 Kxf2 65. Ne6 Nh5 66. g6 (66. Kg6 $16 Ng3 67. Kf7) 66... Kf3 $1
$11 67. Nc7 Kg4 68. Ne8 Kg5 69. Nd6 Kf4 $1 70. Ne8 Kg5 71. Nc7 Kf5 72. Ne6 Ke5 73. Nc5 Kf5 74. Nb3 Ke5 75. Nc1 Kf5 76. Ne2 Ke5 77. Nc1 Kf5 78. Nd3 Ke4 79. Nc5+ Kf5 80. Ne6 Ke5 81. Nc7 Kf5 82. Na6 Kg5 83. Nb4 Kf5 84. Nd5 Ke5 85. Nc3 Kf5 (85... Kf4 $11) 86. Ne2 Ke5 {[%emt 0:00:07] [#]} 87. Kg8 (87. Ng1 $1
$16) 87... Kf5 $11 88. Kh7 Nf6+ 89. Kg7 Kg5 90. Kf7 Ne8
$1 91. Nf4 Nd6+ 92. Kf8 Nf5 93. g7 Nxg7 $1 94. Kxg7 Kxf4 1/2-1/2

[Event "44th Chess Olympiad Open 2022"]
[Site "Chennai"]
[Date "2022.08.07"]
[Round "9.16"]
[White "Rodshtein, Maxim"]
[Black "De La Riva Aguado, Oscar"]
[Result "1-0"]
[WhiteElo "2596"]
[BlackElo "2424"]
[Annotator "TA"]
[PlyCount "83"]
[EventDate "2022.??.??"]
[TimeControl "60"]

1. d4 Nf6 2. c4 g6 3. Nc3 Bg7 4. e4 d6 5. f3 O-O 6. Nge2 c5 7. Be3 Nc6 8. d5 Ne5 9. Ng3 e6 10. Be2 exd5 11. cxd5 h5 {[%emt 0:02:05][%cal Yh7h5,Yh5h4,Yh4h3] [#] A65: Modern
Benoni: 6 e4.} 12. Bg5 $146 ({Predecessor:} 12. O-O a6 13. a4
Rb8 14. h3 Re8 15. Nh1 Qb6 16. Qc2 Qb4 17. Nf2 Nc4 18. Bc1 Na5 19. Bf4 c4 20.
Be3 Nd7 21. f4 {0-1 (58) Omelja,A (2515)-Jaracz,P (2463) Chess.com INT 2022})
12... Qb6 13. Qb3 Qc7 {[%emt 0:06:09] The
position is equal.} 14. a4 Nh7 15. Bd2 h4 16. Nf1 h3 17. g4 f5 18. gxf5 gxf5 19. f4 c4 $1 20. Qa3 Nd3+ 21. Bxd3 cxd3 22. Rg1 (22. Nb5 $1 $16 Qe7 23. Qxd3)
22... fxe4 (22... Bd7 $11) 23. Nb5 $1 $16 (
23. Nxe4 $2 Re8 24. Qxd3 Nf6 $19) 23... Qe7 24. Qxd6 (24. O-O-O $16) 24... Qh4+ $11 25. Rg3 $1 {[%emt 0:00:
00] And now Rc1 would win.} Qh5 $1 26.
Rxg7+ $40 {[%emt 0:04:11] Black needs to defend precisely.} Kxg7 27. Ng3 {[%emt 0:00:04][%csl Ye4,Yh5] Prevents Qe2+.
} Qg4 (27... Qf3 $11 28. Rc1 Nf6) 28. Rc1 (
28. Nc7 $14 Rb8 29. Na6 bxa6 30. Qxb8) 28... Bd7 {[%emt 0:00:00] ...Rf6 is the
strong threat.} 29. f5 $2 (29. Rc7 Nf6 30. Qe5 (30. Bc3 $2 Kg8
$19) 30... Kg8 31. Qg5+ Qxg5 32. fxg5 Ng4 $1 $19) (29. Nc7 $1 $11 Rac8 30. Ne6+
Bxe6 31. dxe6) 29... Bxf5 (29... Rad8 $17 {White must now
prevent ...Nf6.} 30. Qh6+ (30. Rc7 $2 Nf6 $19) 30... Kg8) 30. Nd4 ({White should play} 30. Nxf5+ $11 Qxf5 31. Rc7+ (31. Bh6+ $2 Kh8 $19)
31... Kh8 32. Bc3+ Rf6 33. Rxh7+ Kxh7 34. Bxf6 (34. Qxf6 $2 Qxf6 35. Bxf6 Rg8
$19)) 30... Bd7 (30... Kg8 $2 31. Ndxf5 Rf6 32. Qd7 $18) ({
Black should try} 30... Bg6 $15 31. Ne6+ (31. Qe5+ Kg8 $17) 31... Kg8 32. Nxf8
Rxf8) 31. Rc7 {[%emt 0:02:16][%csl Yb7,Yd7] Intending Ndf5+ and mate. Dancing
on a razor blade.} Rf7 {[%emt 0:00:46] [#] Prevents Ndf5+.} (31... Rad8 $11 32.
Ne6+ Kg8 33. Rxd7 (33. Qe7 $2 Rfe8 $19) 33... Rf1+ 34. Kxf1 Qd1+ 35. Be1 (35.
Kf2 Qxd2+ 36. Kf1 Qd1+ 37. Kf2 Qd2+ 38. Kf1 Qd1+ 39. Kf2 Qd2+ $11) 35... Qf3+
36. Bf2 Qd1+ 37. Be1 Qf3+ 38. Bf2 Qd1+ 39. Be1) 32. Rxd7 $1 $18 Qxd7 {[%emt 0:03:52] [#]} 33. Ndf5+ $1 {[%emt 0:00:16] Pair of Knights!} Kh8 (33... Kg8 34. Nh6+) 34. Bc3+ Nf6 35. Bxf6+ Kh7 {[%emt 0:07:27] [#]} 36. Qf4 $1 d2+ 37. Kxd2 Rxf6 38. Qh4+ Kg8 39. Qxf6 {[%emt 0:00:08]
Ne7+ would kill now.} Qxd5+ {[%emt 0:00:00] [#]} 40. Ke3 $1 {[%emt 0:02:07]
[%csl Gf5][%cal Rf6g7] White mates.} ({Less strong is} 40. Ke1 Qa5+ 41. Ke2
Qa6+ 42. Qxa6 bxa6 $16) 40... Qc5+ 41. Kf4 Qc7+ 42. Kg5 {[%emt 0:02:06] Weighted
Error Value: White=0.20 (precise) / Black=0.56} (42. Kg4 $142 Qd7 43. Kh4 Re8
44. Nh6+ Kh7 45. Nf7 Qe7 46. Ng5+ Kg8 47. Qg6+ Kf8 48. Nf5) 1-0

[Event "44th Chess Olympiad Open 2022"]
[Site "Chennai"]
[Date "2022.08.07"]
[Round "9.16"]
[White "Fluvia Poyatos, Jordi"]
[Black "Smirin, Ilia"]
[Result "0-1"]
[WhiteElo "2451"]
[BlackElo "2601"]
[Annotator "TA"]
[PlyCount "126"]
[EventDate "2022.??.??"]
[TimeControl "60"]

1. e4 c5 2. Nf3 Nc6 3. d4 cxd4 4. Nxd4 Qb6 5. Nb3 Nf6 6. Bd3 e6 7. c4 {[%emt 0:09:06][%cal Yc2c4,Yc4c5] B32: Sicilian: Löwenthal and
Kalashnikov Variations.} Ne5 8. O-O a6 {
[%emt 0:03:11] [#]} (8... Qd6 $11 9. Be2 Nxe4) 9. Bf4 $146 {[%emt 0:05:19]
White is slightly better.} ({Predecessor:} 9. Nc3 Qc7 10. Bg5 Nfg4 11. Bf4 h5
12. Rc1 g5 13. Bxe5 Qxe5 14. g3 Bd6 15. c5 {1-0 (35) Kokarev,D (2593)-Remizov,
Y (2394) Sochi 2019}) 9... d6 10. c5 Qc7 11. Na3 $1 Nfd7 12. cxd6 (12. Bb5 {keeps more tension.} dxc5 13. Bxd7+ Bxd7 14. Nc4)
12... Bxd6 13. Rc1 Qb8 14. Bb1 {[%emt 0:01:21][%cal Yc1c8] Black must now prevent Rxc8+!} (14.
Bg3 $5 ) 14... O-O 15. Bg3 b5 16. f4 Bxa3 17.
bxa3 Nc4 18. e5 f5 19. exf6 Nxf6 20. f5 e5 21. Nc5 Bb7 {[%emt 0:00:00][%cal Yb7g2]
And now ...Bxg2! would win.} 22. a4 $2 {[%emt 0:02:02] [#]} (22. Qe2 $11) 22...
Bxg2 $1 $19 23. Re1 (23. Rf2 Rd8) 23... Rd8 24. Qb3 (24. Bd3 $17 {was forced.} Bd5 25.
Bxc4 bxc4 26. Qe2) 24... Bd5 25. Qb4 Nh5 {
[%emt 0:11:46] Pair of Knights!} (25... Qa7 $19 {Threatens to win with ...a5.}
26. Bd3 Rac8 27. axb5 axb5) 26. Be4 $17 Nf6 $2 ({Black should play} 26... Bxe4 $19 27. Nxe4 Qa7+ 28. Qc5 Qb7) 27. Bxd5+ $2 (27. Bb1 $1 $11 {and White is okay.}) 27... Nxd5 (27... Rxd5 $19 28. Bf2 e4 29. Nxe4 Rxf5) 28. Qb3 Qb6 29. Bf2 Qf6 30. Ne6 {[%emt 0:
01:04] [#]} Qxf5 $1 31. Nxd8 Rxd8 {[%emt 0:
00:02][%cal Ya8d8,Yd8d6,Yd6d2] Really sharp!} 32. Rcd1 {[%emt 0:02:02] [#]
Prevents Nd2.} Qg6+ ({Of course not} 32... Rf8 33. Bc5 Rd8 34.
axb5 axb5 35. Qxb5 Qg4+ 36. Kh1 $11) ({Better is} 32... Nd2 $1 $15 33. Rxd2
Qg5+ 34. Bg3 Qxd2 35. axb5 Qd4+ 36. Bf2 Qg4+ 37. Qg3 Qxg3+ 38. hxg3 axb5 39.
Rxe5 Kf7) 33. Qg3 Qc6 34. axb5 axb5 35. Qf3 h6 36. Qe4 Rd6 37. Rd3 Qd7 (37... Nb2 $11 38. Rf3 Nc4) 38. Red1 $2 {[%emt 0:00:26] [#]} (38. Bc5 $16
Nf4 39. Bxd6 Qa7+ 40. Rde3 $1 Nh3+ 41. Kg2 Nf4+ 42. Kh1 Nxd6 43. Qc6) 38... Nb2
$2 (38... Nc3 $1 $17 {[%cal Rc3e4] stays on course.} 39. Rxd6
Nxd6 40. Qa8+ Kh7) 39. Rxd5 $4 {[%emt 0:01:06] This move loses the game for
White.} Nxd1 $19 40. Rxe5 (40. Rxd6 Qxd6 41.
Be1) 40... Nxf2 41. Kxf2 $16 {[%emt 0:02:29] Endgame KQR-KQR}
Rd2+ 42. Kg3 Rxa2 ({Worse is
} 42... Qd6 43. Qa8+ Kh7 44. Qe4+ Kh8 45. Qa8+ Kh7 46. Qe4+ Kg8 47. Qa8+ Kh7
$17) 43. Qd5+ Qxd5 44. Rxd5 $19 {[%emt 0:00:
02] KR-KR} Ra3+ 45. Kg4 Ra4+ 46. Kg3 Rb4 47. Rd7 (47. h4
$142 Rb1 48. Kf3) 47... Kh7 {[%emt 0:02:28] ...h5 is the strong threat.} 48.
Rd6 (48. h4 $142) 48... h5 49. Rb6 (49. Rd7 $142 Kh6 50. Rd6+ g6 51. Rd2) 49... g6 50.
Rb7+ Kh6 51. h4 (51. Rd7
$142 Rb3+ 52. Kf4) 51... g5 52. Rb6+ Kg7 {
[%emt 0:00:06] Strongly threatening ...Rb3+.} 53. hxg5 Rg4+ 54. Kf3 Rxg5 55. Kf4 Rc5 56. Ke4 h4 {[%emt 0:01:
21][%cal Yh5h4,Yh4h3] Hoping for ...h3.} 57. Kf4 h3 58. Rb7+ Kf6 59. Rb6+ Ke7 {[%emt 0:00:06] ( -> ...Rh5)} 60. Rh6 {[%emt 0:00:07] Inhibits Rh5.} Rc3
{[%emt 0:00:23] Black mates.} 61. Ke5 b4 62. Rh7+ Kf8 63. Ke6 b3 {[%emt 0:00:00] Weighted Error Value: White=0.64/Black=0.44} 0-1

[Event "44th Chess Olympiad Open 2022"]
[Site "Chennai"]
[Date "2022.08.07"]
[Round "9.16"]
[White "Ribera Veganzones, Josep Maria"]
[Black "Postny, Evgeny"]
[Result "0-1"]
[WhiteElo "2228"]
[BlackElo "2564"]
[Annotator "TA"]
[PlyCount "52"]
[EventDate "2022.??.??"]
[TimeControl "60"]

1. e4 c6 2. d4 d5 3. e5 Bf5 4. h4 Qb6 5. a4 a5 6. Nf3 {[%emt 0:05:01] B12: Caro-Kann: Advance Variation.} e6 {[%emt 0:00:53] 
[#]} 7. Bd3 $146 ({Predecessor:} 7. Nbd2 Bg4 8. Nb3 Ne7 9. Qd3
Na6 10. Bd2 Nb4 11. Qc3 Nf5 12. Be2 Bxf3 13. Bxf3 Nxd4 {0-1 (28) Narayanan,S 
(2467)-Kunal,M (2350) Bhubaneswar 2015}) 7... Bg4 8. c3 {
[%emt 0:02:32] The position is equal.} c5 9. Bb5+ Nc6 10. Be3 Nh6 11.
dxc5 (11. Bxh6 $5 gxh6 12. O-O $11) 11... Bxc5 12. Bxc5 Qxc5 13. Qd4 Qe7
{[%emt 0:00:08] And now ...Bxf3 would win.} 14. Nbd2 O-O 15. Qe3 Bxf3 16. Nxf3 f6 (16... Qc7 $11) 17. exf6 $1 $14 Rxf6 18. O-O Nf5 19. Qe2 Qc5 20. Bxc6 bxc6 21. Qe5 {[%emt 0:00:36]
Prevents Ng3.} Raf8 22. Rae1 Qc4 23. Nd4 Nxh4 {[%emt 0:00:00] White must
now prevent ...Rg6.} 24. Qg5 {[%emt 0:10:03] [#]} ({White must play} 24. Qe2 $1
$15) 24... Nxg2 $1 $19 25. Rxe6 ({Of course
not} 25. Qxg2 Rg6 26. Qxg6 hxg6) (25. Kxg2 Rg6 26. Qxg6 hxg6 27. Rxe6) 25...
Nf4 26. Rxf6 Nh3+ {[%emt 0:00:19] Weighted
Error Value: White=0.64/Black=0.10 (very precise)} 0-1

[Event "44th Chess Olympiad Open 2022"]
[Site "Chennai"]
[Date "2022.08.07"]
[Round "9.17"]
[White "Moroni, Luca Jr"]
[Black "Baburin, Alexander"]
[Result "1-0"]
[WhiteElo "2584"]
[BlackElo "2400"]
[Annotator "TA"]
[PlyCount "51"]
[EventDate "2022.??.??"]
[TimeControl "60"]

1. e4 Nf6 2. e5 Nd5 3. d4 d6 4. c4 Nb6 5. f4 Bf5 6. Nc3 e6 7. Nf3 Be7 8. Be2 dxe5 9. fxe5 O-O 10. O-O Nc6 11. Be3 f6 12. exf6 Bxf6 13. Qd2 h6 {[%emt 0:00:08] B03: Alekhine's Defence: Four Pawns Attack.}
14. Rad1 Qe8 {[%emt 0:00:15] [#]} 15. Kh1 $146 ({Predecessor:} 15. b3 Rd8 16. Qe1 Qg6 17. Nh4 Bxh4 18. Qxh4 a5 19. Bf3 a4
20. d5 exd5 21. Bxb6 cxb6 22. Nxd5 Bd3 23. Rf2 Kh7 24. Rxd3 Qxd3 {1-0 (24)
Goncharov,V (2077)-Mischuk,D (2339) Chess.com INT 2021}) 15... Rd8 {[%emt 0:02:
45][%cal Yf6d4] White is slightly better.} 16. Qc1 Rf7 17. d5 (17. Rfe1 $14 {is more appropriate.})
17... exd5 $11 18. cxd5 Nb4 19. Bxb6 axb6 $2 {[%emt 0:14:37]
[#] This costs Black the game.} (19... cxb6 $11 {and Black has nothing to
worry.} 20. Bb5 Bd7) 20. Bc4 $1 $18 Kh8 21.
d6 {[%emt 0:07:36] Inhibits Re7.} Rfd7 (21... Rxd6 {was
called for.} 22. Bxf7 Qxf7) 22. Qf4 $1 Bc2 23. Rde1 Qf8 24. dxc7 Rc8 25. Be6 Nd3 26. Qd2 {[%emt 0:03:16] Weighted Error Value: White=0.06 (flawless) /
Black=0.53} 1-0

[Event "44th Chess Olympiad Open 2022"]
[Site "Chennai"]
[Date "2022.08.07"]
[Round "9.17"]
[White "Sonis, Francesco"]
[Black "Kanyamarala, Tarun"]
[Result "1/2-1/2"]
[WhiteElo "2543"]
[BlackElo "2379"]
[Annotator "TA"]
[PlyCount "83"]
[EventDate "2022.??.??"]
[TimeControl "60"]

1.
Nf3 d5 2. g3 Nc6 3. d4 Bf5 4. Bg2 Nb4 5. Na3 e6 6. O-O Be7 7. c3 {[%emt 0:00:48] D02:1 d4 d5 2 Nf3 sidelines,
including 2...Nf6 3 g3 and 2...Nf6 3 Bf4.} Nc6 8. Qa4 Qd7 9. b4 {[%emt 0:05:43] White has an edge.}
a6 10. b5 Na7 11. Ne5 (11. c4 $1 $14 f6 12. Nh4) 11... axb5
$11 12. Qb3 Qc8 {[%emt 0:00:54] [#]} 13. g4
$146 ({Predecessor:} 13. Nxb5 Nxb5 14. Qxb5+ c6 15. Qb3 Nf6
16. a4 O-O 17. Bg5 h6 18. Bxf6 Bxf6 19. Nd3 {0-1 (37) Muse,M (2391)-Sulava,N 
(2452) Mali Losinj 2017}) 13... Bg6 14. Nxb5 Nxb5 15. Qxb5+ c6 16. Qb3 Nf6 17. h4 {[%emt 0:
02:06] next h5 is good for White.} h6 18. Nxg6 (18. a4 {feels hotter.} Bh7 19. Ba3 Bxa3 20. Qxa3 Nd7 21. a5) 18... fxg6 19. f3 O-O 20. Qb1 Ne8 21. Qxg6 {[%emt 0:14:08] aiming for g5.} Bxh4 22. f4 ({Avoid the trap} 22. Bxh6 $2 Rf6 23.
Qd3 Rxh6 $19) 22... Nd6 23. Qd3 Be7 24. Bf3 Qd7 25. Kg2 Ra4 26. Rh1 {[%emt 0:02:36][%cal Yf1h1,Yh1h6,
Yh6g6] Black must now prevent Rxh6!} Rfa8 (26... Qe8 $15) 27.
a3 (27. Qg6 $5 ) 27... Bf8 28.
Rb1 ({Better is} 28. g5 $1 $11) 28... b5 (
28... Qf7 $1 $15) 29. Qg6 Qf7 (29... Kh8 $11)
30. Rxh6 $1 $16 {[%emt 0:00:55][%csl Gh6][%cal Rg6h7] [#]} Qxg6 31. Rxg6 Kf7 32. f5 Re8 33. Bf4 Rxa3 34. Rh1 (34. Rc1 $18) 34... Rxc3 35. Rh8 {[%emt 0:00:
37] White is more active.} ({White must play} 35. Bxd6 $16 Bxd6 36. g5) 35...
exf5 $11 36. Bxd6 $4 Bxd6 $2 ({Black should try} 36... Kxg6 $19 37. gxf5+ Kxf5 38. Rxf8+ Rxf8 39. Bxf8 Rc4)
37. Rxe8 {[%emt 0:00:08] [#] Hoping for Ree6. The position is equal.} Kxg6 {
[%emt 0:00:05] KRB-KRB} 38. Re6+ Kg5 {[%emt 0:00:07] Strongly
threatening ...Bf4.} 39. Rxd6 fxg4 40. Bxd5 cxd5 41. Rxd5+ Kf4 {[%emt 0:
32:12] And now ...b4 would win.} 42. Rxb5 {[%emt 0:00:36] Weighted Error Value:
White=0.31/Black=0.28 (precise)} 1/2-1/2

[Event "44th Chess Olympiad Open 2022"]
[Site "Chennai"]
[Date "2022.08.07"]
[Round "9.17"]
[White "Murphy, Conor E"]
[Black "Lodici, Lorenzo"]
[Result "1-0"]
[WhiteElo "2404"]
[BlackElo "2553"]
[Annotator "TA"]
[PlyCount "79"]
[EventDate "2022.??.??"]
[TimeControl "60"]

1. e4 e5 2. Nf3 Nc6 3. Bc4 Bc5 4. c3 Nf6 5. d3 d6 6. Nbd2 h6 7. O-O O-O {
[%emt 0:03:17] C54: Giuoco Piano: 4 c3 Nf6, main lines with 5 d4 and 5 d3.} 8.
Re1 a5 9. Nf1 Ba7 {[%emt 0:
02:35] The position is equal.} 10. h3 Ne7 11.
Ng3 Ng6 12. d4 Re8 13. Bd3 Bd7 14. Be3 {
[%emt 0:02:56] [#]} Qe7 $146 (14... exd4 $11 15. cxd4 c5) ({
Predecessor:} 14... a4 15. Qd2 a3 16. b3 Bb6 17. Rad1 Kh7 18. Bc2 Qc8 19. c4
Be6 20. c5 exd4 21. Bxd4 Bxc5 22. Bxf6 gxf6 {0-1 (65) Santos Ruiz,M (2585)
-Postny,E (2605) Moscow 2019}) 15. Qd2 Qf8 16. Rad1 Rad8 17. Qc2 Ra8 18. c4 exd4 19. Nxd4 Nf4 20. Bf1 Ne6 21. Nb5 Bxe3 22. Rxe3 Rac8 23. a3 Nf4 24. b4 axb4 25. axb4 Re5 26. Nc3 Rce8 27. Qd2 g5 28. Ra1 Qe7 29. Ra7 Bc8 30. Ra8 Bd7 31. Ra7 Bc8 $1 32. Ra8 Bd7 33. Rxe8+ Qxe8 34. Re1 Qa8 35. Qb2 Qa7 36. c5 Qb8 (36... dxc5
$2 37. Nb5 Bxb5 38. Qxe5 $18) 37. Rd1 Be6 $2 {[%emt 0:04:47] 
[#]} (37... Qf8 $16) 38. Nb5 $1 $18 {[%emt 0:03:14][%cal Yb5c7] Strongly
threatening Nxc7!} Nxe4 (38... Ne8 {was worth a try.} 39. cxd6
cxd6 40. Nxd6 Ng6) 39. cxd6 Rxb5 $2 (39...
cxd6 40. Nxd6 Nxg3) 40. Nxe4 {[%emt 0:02:25] Weighted Error Value: White=0.10 
(very precise) /Black=0.22 (precise)} ({Less strong is} 40. Bxb5 Nxd6 41. Be2
Qf8 $16) 1-0

[Event "44th Chess Olympiad Open 2022"]
[Site "Chennai"]
[Date "2022.08.07"]
[Round "9.17"]
[White "Heidenfeld, Mark"]
[Black "Brunello, Sabino"]
[Result "0-1"]
[WhiteElo "2355"]
[BlackElo "2520"]
[Annotator "TA"]
[PlyCount "80"]
[EventDate "2022.??.??"]
[TimeControl "60"]

1. e4 c5 2. Nf3 d6 3. d4 cxd4 4. Nxd4 Nf6 5. Nc3 a6 6. g3 e5 7. Nde2 Be6 8. Bg2 Nbd7 {[%emt 0:03:44] B91: Sicilian
Najdorf: 6 g3.} 9. O-O h5 10. Bg5 Be7 {[%emt 0:05:31] The position is equal.} 11. Qd2 b5
{[%emt 0:05:04][%cal Yb7b5,Yb5b4] [#]} 12. a4 $146 (12. a3 $11
) ({Predecessor:} 12. Bxf6 Nxf6 13. a4 b4 14. Nd5 a5 15. c4 Nxd5 16. exd5 Bg4
17. h3 Bxe2 18. Qxe2 {0-1 (49) Mirski,M (1868)-Olszewski,M (2522) Warsaw 2022})
12... b4 $15 13. Nd5 ({Better is} 13. Bxf6
$15 Nxf6 14. Nd5) 13... Nxd5 $17 14. exd5 Bxg5 15. f4 {[%emt 0:00:15] [#]} Bg4 16. fxg5 Bxe2 17. Qxe2 Qxg5 18. Rf4 h4 19. Rg4 Qh5 20. Bf3 ({Wrong is} 20. gxh4 $2 f5 21.
Re4 fxe4 $19) 20... hxg3 21. hxg3 Qh3 {
[%emt 0:01:55] Inhibits Rh4.} (21... Ke7 $17 22. Rxb4 Qh3) 22. Bg2 $1 $15 Qh5 (22... Qh7 $15) 23. Bf3 $17 Ke7 24. Rxb4 Qh3 25.
Kf2 (25. Qg2 $17) 25... Qf5 $1 $36 {[%emt 0:03:58] Strongly
threatening ...Rh2+. Black has strong initiative.} ({Weaker is} 25... Qh2+ 26.
Bg2 Rh6 27. Rb3 Rf6+ 28. Rf3 Rxf3+ 29. Qxf3 $17) 26. Kg2 {[%emt 0:00:00]
Inhibits Rh2+.} Rac8 27. c3 {[%emt 0:01:12] [#]} Rh6 $1 {
[%emt 0:01:06] And now ...Rch8 would win.} 28. Rh4 Rxh4 29. gxh4 Rh8 ({Worse is} 
29... Nf6 30. Qxa6 e4 31. Qa7+ Kf8 32. Bd1 $17) 30. Rh1 Nc5 {
[%emt 0:00:00][%cal Yd7c5,Yc5a4,Ya4c3] Against Qe4} 31. b4 {[%emt 0:00:00] [#]}
Qg6+ ({Black should try} 31... Nd3 $1 $19 {[%cal Rd3f4]
Threatens to win with ...Nf4+.} 32. Qe4 Nf4+ 33. Kf2 Qd7) 32. Kf1 {[%emt 0:00:
27] Loses the game.} (32. Kf2 $17 {was the only chance.} Nxa4 33. Qxa6 Qc2+ 34.
Kg3) 32... Nxa4 33. Qxa6 Nxc3 34. Qa7+ Kf6 {[%emt 0:00:05] Dancing on a razor blade.} 35.
Qe3 {[%emt 0:00:10] Against Qd3+} (35. Qb6 $142 Qd3+ 36. Kg2 Qd2+ 37. Kf1)
35... Rc8 {[%emt 0:01:59] aiming for ...e4.} 36. Rg1 Qh6 37. Qf2 {[%emt 0:01:10] Bg4+ is the strong threat.} Ke7 38. Rg4 Qc1+ 39. Kg2 $2 {
[%emt 0:00:09] [#]} (39. Qe1 Qc2 40. Kg1) 39... Nxd5 $1 40.
Kg3 (40. Qg3 Ne3+) 40... Ne3 {[%emt 0:01:42] Weighted Error
Value: White=0.47/Black=0.12 (very precise)} 0-1